 Dungeon Crawl Stone Soup version 0.20-a0-642-g4ff03ff (webtiles) character file.

95 zhorgal the Changer (level 4, -4/32 HPs)
             Began as a Merfolk Transmuter on Feb 14, 2017.
             Slain by a hobgoblin
             ... wielding a +0 club
             ... led by Robin
              (8 damage)
             ... on level 2 of the Dungeon.
             The game lasted 00:09:02 (2205 turns).

zhorgal the Changer (Merfolk Transmuter)            Turns: 2205, Time: 00:09:03

Health: -4/32      AC:  3    Str: 10    XL:     4   Next: 65%
Magic:  7/8        EV: 12    Int: 13    God:
Gold:   57         SH:  0    Dex: 14    Spells: 7/8 levels left

rFire    . . .     SeeInvis .     - Unarmed
rCold    . . .     Gourm    .   i - +0 leather armour
rNeg     . . .     Faith    .   (no shield)
rPois    .         Spirit   .   (no helmet)
rElec    .         Reflect  .   (no cloak)
rCorr    .         Harm     .   (no gloves)
MR       .....                  (no boots)
Stlth    +.........             (no amulet)
Regen    0.1/turn               (no ring)
MPRegen  0.2/turn               (no ring)

@: appendage
A: change form in water, swift swim, stealthy swim, horns 2
a: End Transformation


You were on level 2 of the Dungeon.
You were very hungry.
You had grown temporary horns.
You visited 1 branch of the dungeon, and saw 2 of its levels.

You collected 57 gold pieces.

Inventory:

Hand Weapons
 l - a +0 hunting sling
 s - a +0 hunting sling
Missiles
 a - 12 arrows
 m - 77 stones (quivered)
Armour
 b - a +0 robe
 i - a +0 leather armour (worn)
 n - a +0 large shield
Scrolls
 e - 2 scrolls of enchant weapon {unknown}
 f - a scroll of noise {unknown}
 g - a scroll of amnesia {unknown}
 j - a scroll of identify {unknown}
 k - a scroll of fear {unknown}
 o - a scroll of enchant armour {unknown}
 p - 2 scrolls of teleportation {unknown}
 v - a scroll of remove curse {unknown}
Potions
 h - a potion of resistance {unknown}
 r - a potion of might {unknown}
 t - a potion of lignification {unknown}
 u - a potion of degeneration {unknown}
Books
 c - a book of Changes

   Spells                             Type                      Level
   a - Beastly Appendage              Transmutation                1
   b - Sticks to Snakes               Transmutation                2
   c - Spider Form                    Transmutation/Poison         3
   d - Ice Form                       Ice/Transmutation            4
   e - Blade Hands                    Transmutation                5
Comestibles
 d - 2 bread rations
 q - a royal jelly


   Skills:
 - Level 1.1 Fighting
 - Level 2.6 Dodging
 - Level 3.2 Unarmed Combat
 + Level 2.9 Spellcasting
 * Level 5.4 Transmutations


You had 7 spell levels left.
You knew the following spells:

 Your Spells              Type           Power        Failure   Level  Hunger
a - Beastly Appendage     Tmut           ###...       3%          1    #......


Dungeon Overview and Level Annotations

Branches:
Dungeon (2/15)

Altars:
Dithmenos

Annotations:
D:2 Robin


Innate Abilities, Weirdness & Mutations

You revert to your normal form in water.
You are very nimble and swift while swimming.
You are very stealthy in the water. (Stealth+)
You have a pair of horns on your head.


Message History

* * * LOW HITPOINT WARNING * * *
You feel sick.
Robin says, "My goblins will feast on your bones."
Things that are here:
a dagger; a goblin corpse The hobgoblin no longer looks unusually strong.
You feel sick.
Your horns disappear.
The hobgoblin no longer looks unusually strong.
You feel sick.
You are no longer poisoned.
Robin roars a battlecry!
The hobgoblin goes into a battle-frenzy!
You hit the hobgoblin but do no damage. The hobgoblin barely misses you.
You closely miss the hobgoblin. The hobgoblin hits you with a club.
* * * LOW HITPOINT WARNING * * *
Casting: Beastly Appendage
Confirm with . or Enter, or press ? or * to list all spells.
You grow a pair of large bovine horns.
The hobgoblin hits you with a club!
You die...

### # ..# #. #.#
###.####.# .....##@#
#.#.##g#
#####....#S# ...
.......S.g.# #[#
###....##.# ... #
#...##.## #.# ..
#####.#.#.# #.# ...
..#......# #.#
#.###.###g##########
#.#### #


You could see Robin, an adder and a hobgoblin.

Vanquished Creatures
  4 adders (D:2)
  A gnoll (D:1)
  A dart slug (D:1)
  A leopard gecko (D:2)
  7 bats
  2 giant cockroaches (D:2)
  11 goblins
  5 hobgoblins
  8 kobolds
  2 frilled lizards
  2 rats
44 creatures vanquished.

Notes
Turn   | Place    | Note
-------+----------+-------------------------------------------
     0 | D:1      | zhorgal the Merfolk Transmuter began the quest for the Orb.
     0 | D:1      | Reached XP level 1. HP: 15/15 MP: 3/3
   233 | D:1      | Reached skill level 3 in Transmutations
   307 | D:1      | Reached XP level 2. HP: 5/21 MP: 3/5
   656 | D:1      | Reached skill level 4 in Transmutations
   855 | D:1      | Reached XP level 3. HP: 26/26 MP: 6/6
  1711 | D:2      | Reached XP level 4. HP: 13/32 MP: 6/8
  1734 | D:2      | Reached skill level 5 in Transmutations
  2164 | D:2      | Found a shadowy altar of Dithmenos.
  2175 | D:2      | Noticed Robin
  2205 | D:2      | Slain by a hobgoblin

Vault maps used:
D:1:      eino_arrival_cavern_b
D:2:      nicolae_overflow_crystal_walls, uniq_robin

Skill      XL: |  1  2  3  4 |
---------------+-------------+-----
Transmutations | 3 4 5 |  5.4
Fighting       | |  1.1
Dodging        | |  2.6
Unarmed Combat | |  3.2
Spellcasting   | |  2.9

Action                   |  1- 3 |  4- 6 || total
-------------------------+-------+-------++-------
Melee: Unarmed           |    84 |    19 ||   103
       Headbutt          |     4 |     2 ||     6
       Punch             |     1 |       ||     1
 Fire: Hunting sling     |    56 |    10 ||    66
Throw: Stone             |       |     1 ||     1
 Cast: Beastly Appendage |     4 |     3 ||     7
  Eat: Chunk             |     3 |       ||     3
Armor: Robe              |     4 |       ||     4
       Leather armour    |    36 |     4 ||    40
Dodge: Dodged            |    57 |    11 ||    68
